 Dungeon Crawl Stone Soup version 0.30-a0-6-g7c9e10e132 (webtiles) character file.

Game seed: 12827615563658518312

119 SensoryNuts the Shield-Bearer (level 4, -1/44 HPs)
             Began as a Troll Fighter on Aug 22, 2022.
             Slain by a gnoll
             ... wielding a +0 halberd
              (15 damage)
             ... on level 4 of the Dungeon.
             The game lasted 00:03:53 (2165 turns).

SensoryNuts the Shield-Bearer (Troll Fighter)       Turns: 2165, Time: 00:03:54

Health: -1/44      AC:  5    Str: 26    XL:     4   Next: 73%
Magic:  3/3        EV:  8    Int:  4    God:
Gold:   115        SH:  7    Dex:  9    Spells: 3/3 levels left

rFire   . . .      SeeInvis .    a - +0 flail
rCold   . . .      Faith    .    c - +0 kite shield
rNeg    . . .      Spirit   .    b - +0 robe
rPois   .          Reflect  .    (helmet restricted)
rElec   .          Harm     .    e - +0 cloak
rCorr   .          Rampage  .    (gloves unavailable)
Will    .....                    (boots unavailable)
Stlth   +.........               (no amulet)
HPRegen 0.94/turn                (no ring)
MPRegen 0.08/turn                (no ring)

@: mighty
A: large, unfitting armour, claws 3, regeneration 1, shaggy fur 1, tough skin 1
a: no special abilities


You were on level 4 of the Dungeon.
You visited 1 branch of the dungeon, and saw 4 of its levels.

You collected 115 gold pieces.

Inventory:

Hand Weapons
 a - a +0 flail (weapon)
Missiles
 q - a throwing net (quivered)
Armour
 b - a +0 robe (worn)
 c - a +0 kite shield (worn)
 e - a +0 cloak (worn)
Jewellery
 l - a ring of wizardry
Wands
 k - a wand of mindburst (13)
Scrolls
 f - 2 scrolls of noise {unknown}
 g - a scroll of summoning
 h - a scroll of poison
 j - 2 scrolls of enchant armour
 n - a scroll of fog
 o - 3 scrolls of teleportation
Potions
 i - 2 potions of lignification


   Skills:
 + Level 2.9 Fighting
 + Level 2.9 Maces & Flails
 + Level 3.0 Dodging
 + Level 0.5 Stealth
 + Level 3.2 Shields


You had 3 spell levels left.
You didn't know any spells.
Your spell library contained the following spells:

 Spells                   Type           Power      Damage    Failure   Level
 Tukima's Dance           Hex            0%         N/A       99%         3
 Passage of Golubria      Tloc           0%         N/A       100%        4
 Yara's Violent Unravell  Hex/Tmut       0%         3d3       100%        5


Dungeon Overview and Level Annotations

Branches:
Dungeon (4/15)
 Temple: D:4-7

Altars:


Innate Abilities, Weirdness & Mutations

You are too large for most types of armour.
You have claws for hands.
Your natural rate of healing is unusually fast.
You are covered in fur. (AC +1)
You have tough skin. (AC +1)


Message History

You sock the endoplasm!
You kill the endoplasm!
No target in view!
No target in view!
No target in view!
No target in view!
No target in view!
No target in view!
No target in view!
k - a wand of mindburst (13)
You see here a ball python corpse.
f - 2 scrolls labelled YDAJO SAT PYTUT (gained 1)
You now have 115 gold pieces (gained 11).
A gnoll comes into view. It is wielding a +0 whip.
Found a stone.
You see here a scroll of identify.
A gnoll is nearby!
A gnoll comes into view. It is wielding a +0 spear.
A gnoll comes into view. It is wielding a +0 halberd.
The gnoll shouts! x3
You barely miss the gnoll.
The gnoll hits you from afar with a +0 halberd.
The gnoll hits you with a +0 whip. You block the gnoll's attack. x2
The gnoll misses you.
The gnoll hits you from afar with a +0 halberd!
You hit the gnoll but do no damage. The gnoll misses you.
The gnoll closely misses you.
The gnoll hits you from afar with a +0 spear.
The gnoll attacks as you move away! The gnoll hits you with a +0 whip.
The gnoll hits you from afar with a +0 spear.
The gnoll attacks as you move away! The gnoll hits you but does no damage.
You feel very mighty all of a sudden. The gnoll hits you but does no damage.
The gnoll barely misses you. x2
You sock the gnoll!
The gnoll is severely wounded.
You block the gnoll's attack. The gnoll hits you with a +0 whip!
The gnoll hits you but does no damage. The gnoll hits you with a +0 whip.
The gnoll hits you from afar with a +0 spear.
The gnoll hits you from afar with a +0 halberd!
You die...

#.......# #.......#
#.......# #.......+
#. #...(...# # #.
#.......# #. #.
#.......#
..#.########g......#
#.......).@gg........
#.#...?###########
#.............
##......#######..
##.....# ...#
#.....### ...#
#.......# #...#
#....†#.##..>.
#.....#.#...


You could see 3 gnolls.

Vanquished Creatures
  5 adders
  2 worms (D:3)
  2 dart slugs (D:3)
  2 orcs
  6 bats
  8 endoplasms
  4 giant cockroaches
  6 goblins
  5 hobgoblins
  4 kobolds
  A quokka (D:1)
  9 ball pythons
  2 frilled lizards
  5 rats
61 creatures vanquished.

Notes
Turn   | Place    | Note
-------+----------+-------------------------------------------
     0 | D:1      | SensoryNuts the Troll Fighter began the quest for the Orb.
     0 | D:1      | Reached XP level 1. HP: 22/22 MP: 0/0
   203 | D:1      | Reached XP level 2. HP: 15/29 MP: 1/1
   649 | D:2      | Reached XP level 3. HP: 36/36 MP: 2/2
   853 | D:2      | Found a faded altar of an unknown god.
  1151 | D:3      | Reached XP level 4. HP: 44/44 MP: 3/3
  2165 | D:4      | Slain by a gnoll

Illustrated notes

Levels and vault maps discovered:
D:1:      elethiomel_arrival_infinity_welcomes_careful_drivers, layout_rooms,
          minivault_14, minmay_pentomino_w4
D:2:      layout_rooms, basic_ecumenical_altar, serial_park_tiny_1,
          kennysheep_cluttered_room, hangedman_decor_lopped, st_stairs_1
D:3:      layout_loops_corners
D:4:      layout_basic, columned_hall_lemuel, serial_bayou_pond_c, st_stairs_4

Skill      XL: |  1  2  3  4 |
---------------+-------------+-----
Shields        | 3 |  3.2
Maces & Flails | 2 |  2.9
Dodging        | 3 |  3.0
Fighting       | |  2.9
Stealth        | |  0.5

Action                   |  1- 3 |  4- 6 || total
-------------------------+-------+-------++-------
Melee: Flail             |   120 |    61 ||   181
Throw: Throwing net      |       |     1 ||     1
  Use: Scroll            |     6 |       ||     6
       Potion            |       |     7 ||     7
 Stab: Sleeping          |     1 |       ||     1
Armor: Robe              |    50 |    22 ||    72
Dodge: Dodged            |    54 |    27 ||    81
Block: Kite shield       |    40 |    16 ||    56

Table legend: (Time is in decaauts)
 A = Elapsed time spent in this place.
 B = Non-inter-level travel time spent in this place.
 C = Inter-level travel time spent in this place.
 D = Time resting spent in this place.
 E = Time spent auto-exploring this place.
 F = Levels seen in this place.
 G = Mean time per level.
                   A        B        C        D        E       F      G
               +--------+--------+--------+--------+--------+-----+--------+
         Total |   2240 |   2103 |    137 |      0 |   1567 |   4 |  560.0 |
       Dungeon |   2240 |   2103 |    137 |      0 |   1567 |   4 |  560.0 |
               +--------+--------+--------+--------+--------+-----+--------+

Top non-repeatable levels by time:
     D:3: 980 daAuts
     D:1: 619 daAuts
     D:2: 542 daAuts
     D:4: 98 daAuts
